 Dungeon Crawl Stone Soup version 0.19.1-1-g22dce08 (webtiles) character file.

311 Pytinka the Scratcher (level 6, 0/28 HPs)
             Began as a Felid Fighter on Dec 30, 2016.
             Killed from afar by Blork the orc (12 damage)
             ... with a puff of frost
             ... on level 4 of the Dungeon.
             The game lasted 00:09:43 (4235 turns).

Pytinka the Scratcher (Felid Fighter)               Turns: 4235, Time: 00:09:43

Health: 0/28       AC:  2    Str: 12    XL:     6   Next: 18%
Magic:  7/7        EV: 24    Int: 10    God:
Gold:   263        SH:  0    Dex: 17    Spells: 0 memorised, 5 levels left
                                        Lives:  0   Deaths: 1

rFire  + . .     SeeInvis +       - Unarmed
rCold  x . .     Gourm    .     (armour unavailable)
rNeg   . . .     Faith    .     (shield unavailable)
rPois  .         Spirit   .     (helmet unavailable)
rElec  .         Reflect  .     (cloak unavailable)
rCorr  .         Harm     +     (gloves unavailable)
MR     .....                    (boots unavailable)
Stlth  ++++......               e - amulet of harm
                                h - +3 ring of evasion
                                g - ring of fire

@: quick
A: no armour, no weapons or thrown items, stealth, claws 1, fangs 3, see
invisible, carnivore 3, speed 1, shaggy fur 2, slow metabolism 1, sharp paws
a: no special abilities


You were on level 4 of the Dungeon.
You were completely stuffed.

You visited 1 branch of the dungeon, and saw 4 of its levels.

You collected 263 gold pieces.

Inventory:

Jewellery
 e - an amulet of harm (around neck)
 g - a ring of fire (left paw)
 h - a +3 ring of evasion (right paw)
Potions
 c - 2 potions of curing
 j - a potion of cure mutation
Comestibles
 b - 2 meat rations


   Skills:
 + Level 3.2 Fighting
 + Level 6.1 Dodging
 + Level 5.7 Stealth
 + Level 6.2 Unarmed Combat


You had 5 spell levels left.
You didn't know any spells.

Dungeon Overview and Level Annotations

Branches:
Dungeon (4/15)
 Temple: D:4-7

Altars:
Okawaru

Annotations:
D:4 Blork the orc, Grinder


Innate Abilities, Weirdness & Mutations

You cannot wear armour.
You are incapable of wielding weapons or throwing items.
Your paws allow you to move quietly. (Stealth)
You have sharp claws.
You have razor-sharp teeth.
You have supernaturally acute eyesight. (SInv)
You are carnivorous and can eat meat at any time.
You cover ground quickly.
You are covered in thick fur. (AC +2)
You have a slow metabolism.
Your sharp claws are effective at attacking unaware monsters.


Message History

A worker ant zombie comes into view.
Blork the orc shouts!
Blork the orc casts a spell at you. The puff of frost misses you.
Found a trident and a glowing short sword.
Blork the orc points at you and mumbles some strange words.
The puff of frost hits you!
You feel a terrible chill!
Ouch! That really hurt!
Blork the orc hits you with a glaive.
* * * LOW HITPOINT WARNING * * *
Unknown command.
A leopard gecko comes into view.
Blork the orc gestures wildly while chanting.
Blork the orc seems to speed up.
Blork the orc casts a spell.
You see here 16 bolts.
You feel better. Blork the orc completely misses you.
Blork the orc casts a spell at you. The puff of frost hits you!
You feel a terrible chill!
You die...

#..# #.##...#........
#).# #...............
#..# #........#.##...
#..# ##.......# ..
#..# ##....### ##
#..# #..Z.# # #..###
#.#.## .# ###....#
#.#.o####..#
.....#.##.###.(.@...#
####.#.#.# ##.####.#
#....## ##.# ###.#.##
##.##
#......###[#####.###
#.###...#)).........
#.# #..#.#.......[##
#.###.#############
#.....#


You could see Blork the orc.

Vanquished Creatures
  Sigmund (D:3)
  Edmund (D:4)
  A scorpion (D:4)
  An orc wizard (D:4)
  An iguana (D:4)
  4 adders (D:2)
  An ooze (D:2)
  2 worms
  2 dart slugs (D:1)
  A leopard gecko (D:3)
  9 orcs
  3 ball pythons
  11 bats
  A giant cockroach (D:2)
  9 goblins
  7 hobgoblins
  5 jackals
  7 kobolds
  6 frilled lizards
  A leopard gecko skeleton (D:4)
  13 rats
87 creatures vanquished.

Notes
Turn   | Place    | Note
-------+----------+-------------------------------------------
     0 | D:1      | Pytinka the Felid Fighter began the quest for the Orb.
     0 | D:1      | Reached XP level 1. HP: 10/10 MP: 2/2
     2 | D:1      | Noticed a draconian
     2 | D:1      | Noticed an elf
     4 | D:1      | Noticed a naga
     6 | D:1      | Noticed a gargoyle
     6 | D:1      | Noticed a spriggan
     8 | D:1      | Noticed an ogre
     8 | D:1      | Noticed a felid
    10 | D:1      | Noticed a vampire
    10 | D:1      | Noticed a demonspawn
    12 | D:1      | Noticed a minotaur
    12 | D:1      | Noticed a dwarf
    14 | D:1      | Noticed a troll
    14 | D:1      | Noticed a merfolk
    16 | D:1      | Noticed a ghoul
    16 | D:1      | Noticed a tengu
    18 | D:1      | Noticed an octopode
    20 | D:1      | Noticed a formicid
    20 | D:1      | Noticed a centaur
    22 | D:1      | Noticed a human
    24 | D:1      | Noticed a vine stalker
    24 | D:1      | Noticed a halfling
    26 | D:1      | Noticed a demigod
   245 | D:1      | Reached XP level 2. HP: 14/14 MP: 3/3
   363 | D:1      | Reached skill level 1 in Stealth
   994 | D:1      | Reached XP level 3. HP: 11/17 MP: 4/4
  1778 | D:2      | Reached XP level 4. HP: 4/21 MP: 5/5
  2123 | D:2      | Found an iron altar of Okawaru.
  2151 | D:2      | Reached skill level 5 in Unarmed Combat
  3131 | D:3      | Reached skill level 5 in Dodging
  3280 | D:3      | Noticed Sigmund
  3357 | D:3      | Killed Sigmund
  3357 | D:3      | Reached XP level 5. HP: 16/24 MP: 6/6
  3357 | D:3      | Gained mutation: You are covered in thick fur. (AC +2) [Felid growth]
  3357 | D:3      | Reached XP level 6. HP: 19/28 MP: 7/7
  3858 | D:4      | Noticed Edmund
  3862 | D:4      | Noticed Grinder
  3870 | D:4      | Killed Edmund
  3870 | D:4      | Reached skill level 5 in Stealth
  3871 | D:4      | Mangled by Grinder
  3872 | D:4      | Reached XP level 5. HP: -6/24 MP: 6/6
  4028 | D:4      | Reached XP level 6. HP: 28/28 MP: 7/7
  4041 | D:4      | Noticed a slave
  4218 | D:4      | Noticed Blork the orc
  4235 | D:4      | Killed from afar by Blork the orc

Skill      XL: |  1  2  3  4  5  6 |
---------------+-------------------+-----
Stealth        | 1 2 4 5 |  5.7
Unarmed Combat | 5 6 |  6.2
Dodging        | 5 6 |  6.1
Fighting       | |  3.2

Action                   |  1- 3 |  4- 6 || total
-------------------------+-------+-------++-------
Melee: Unarmed           |   112 |   117 ||   229
       Bite              |     7 |     9 ||    16
       Punch             |     2 |     1 ||     3
  Use: Scroll            |       |     7 ||     7
       Potion            |       |     8 ||     8
 Stab: Sleeping          |     9 |    11 ||    20
       Distracted        |     1 |     1 ||     2
  Eat: Chunk             |     9 |     9 ||    18
Armor: Skin              |    10 |     6 ||    16
Dodge: Dodged            |    81 |   100 ||   181
